 Dungeon Crawl Stone Soup version 0.29-a0-982-gaed3a0c8d8 (webtiles) character file.

Game seed: 12640814498448405912

1339 xian the Poker (level 8, -12/59 (60) HPs)
             Began as a Demonspawn Fighter on Aug 1, 2022.
             Was a Believer of Uskayaw.
             Mangled by a death yak (13 damage)
             ... on level 7 of the Dungeon.
             The game lasted 00:10:32 (4762 turns).

xian the Poker (Demonspawn Fighter)                 Turns: 4762, Time: 00:10:32

HP:   -12/59 (60)   AC: 13    Str: 21    XL:     8   Next: 35%
MP:   13/13         EV: 10    Int: 17    God:    Uskayaw [**....]
Gold: 226           SH:  5    Dex: 13    Spells: 13/14 levels left

rFire   x . .      SeeInvis +   x - +7 trident of the Vaults {drain, rF- rC+ Str+5}
rCold   + . .      Faith    .   c - +0 buckler
rNeg    . . .      Spirit   .   r - +0 plate armour
rPois   +          Reflect  .   D - +0 helmet
rElec   .          Harm     .   (no cloak)
rCorr   .          Rampage  .   (no gloves)
Will    .....                   (no boots)
Stlth   ..........              (no amulet)
HPRegen 0.19/turn               H - ring of poison resistance
MPRegen 0.13/turn               u - ring "Talaeq" {EV+4 Int+3 SInv}

@: brilliant, lightly drained
A: ignite blood 2, big brain 1
a: Renounce Religion, Stomp, Line Pass


You were on level 7 of the Dungeon.
You worshipped Uskayaw.
Uskayaw was noncommittal.
You visited 1 branch of the dungeon, and saw 7 of its levels.

You collected 226 gold pieces.

Inventory:

Hand Weapons
 a - a +0 long sword
 x - the +7 trident of the Vaults (weapon) {drain, rF- rC+ Str+5}
   (You found it on level 3 of the Dungeon)

   A truly terrible weapon, it drains the life of any living foe it strikes.
   Str:       It affects your strength (+5).
   rF:        It makes you vulnerable to fire.
   rC:        It protects you from cold.
Missiles
 n - 2 javelins (quivered)
 o - 6 poisoned darts
Armour
 c - a +0 buckler (worn)
 r - a +0 plate armour (worn)
 D - a +0 helmet (worn)
 E - the +1 leather armour "Zouzuzapee" {Slay+3}
   (You found it on level 4 of the Dungeon)

   Slay:      It affects your accuracy & damage with ranged weapons and melee
   (+3).
Jewellery
 h - a ring of willpower
 u - the ring "Talaeq" (right hand) {EV+4 Int+3 SInv}
   (You found it on level 4 of the Dungeon)

   [ring of evasion]

   EV:        It affects your evasion (+4).
   Int:       It affects your intelligence (+3).
   SInv:      It lets you see invisible.
 H - a ring of poison resistance (left hand)
Wands
 j - a wand of acid (11)
Scrolls
 b - 2 scrolls of silence {unknown}
 f - a scroll of immolation {unknown}
 i - 2 scrolls of identify {unknown}
 k - 2 scrolls of teleportation {unknown}
 l - a scroll of torment {unknown}
 p - a scroll of noise {unknown}
 q - a scroll of poison {unknown}
 t - a scroll of magic mapping {unknown}
 w - a scroll of blinking {unknown}
 y - a scroll of enchant weapon {unknown}
 F - a scroll of fear {unknown}
 G - a scroll of brand weapon {unknown}
Potions
 d - a potion of might
 e - a potion of magic {unknown}
 g - a potion of flight {unknown}
 m - a potion of brilliance
 s - 2 potions of attraction {unknown}
 v - 2 potions of curing {unknown}
 z - a potion of lignification {unknown}
 A - a potion of berserk rage {unknown}
 B - a potion of mutation {unknown}
 C - a potion of degeneration {unknown}


   Skills:
 + Level 4.3 Fighting
 + Level 2.6 Long Blades
 + Level 5.8 Polearms
 + Level 4.4 Armour
 + Level 1.0 Dodging
 + Level 0.4 Stealth
 + Level 3.9 Shields
 * Level 3.5 Spellcasting


You had 13 spell levels left.
You knew the following spells:

 Your Spells              Type           Power      Damage    Failure   Level
a - Shock                 Conj/Air       16%        1d4       99%         1

Your spell library contained the following spells:

 Spells                   Type           Power      Damage    Failure   Level
 Swiftness                Air            4%         N/A       100%        3
 Airstrike                Air            2%         0-2+      100%        4


Dungeon Overview and Level Annotations

Branches:
Dungeon (8/15)               Lair (0/5) D:8
 Temple: D:4-7

Altars:
Trog
Uskayaw
Yredelemnul


Innate Abilities, Weirdness & Mutations

Your demonic aura often causes spilled blood to erupt in flames.
You have an unusually large brain. (Int +2)


Message History

You block the howler monkey's attack. The black bear bites you.
The black bear claws you but does no damage.
You block the black bear's attack. The death yak gores you.
You block the howler monkey's attack.
You hit the howler monkey. You drain the howler monkey.
The howler monkey is heavily wounded.
The howler monkey is engulfed in blazing flames.
You kill the howler monkey!
The black bear bites you but does no damage.
The black bear claws you but does no damage.
You block the black bear's attack. The death yak gores you! x2
The death yak attacks as you move away! The death yak barely misses you.
The howler monkey hits you. The howler monkey closely misses you.
You see here a howler monkey corpse.
The howler monkey barely misses you.
The howler monkey hoots and howls with incredible vigour!
You hear an angry hiss.
Found a chain mail.
The howler monkey barely misses you.
There is a stone staircase leading up here.
You climb upwards.
The orc wizard shouts!
You hear a shout!
Found 2 stones.
There is a stone staircase leading down here.
You puncture the death yak! You drain the death yak.
The death yak is severely wounded.
The death yak is engulfed in blazing flames.
The death yak gores you but does no damage.
Unknown command.
You hit the death yak but do no damage. You drain the death yak.
The death yak is severely wounded.
The death yak is engulfed in blazing flames.
The death yak gores you!!
* * * LOW HITPOINT WARNING * * *
Okay, then.
Okay, then.
It was a potion of brilliance.
You feel clever all of a sudden.
The death yak is engulfed in blazing flames.
The death yak gores you!
You die...

.# #. .#
... .#
.o.#
.##..#
.#...#.
##.......
##.☼......
#.@.......
##Y.......
##......#
##...##
..... .##.
#


You could see a death yak (drained) and an orc wizard.

Vanquished Creatures
  Pikel (D:8)
  Eustachio (D:4)
  Menkaure (D:4)
  An orc warrior (D:8)
  A scorpion (D:4)
  3 wights (D:8)
  A howler monkey (D:8)
  A jelly (D:8)
  An orc priest (D:3)
  A hell rat (D:8)
  An iguana (D:4)
  4 adders
  A river rat (D:8)
  2 worms
  2 dart slugs
  14 orcs
  7 ball pythons
  5 endoplasms
  6 giant cockroaches
  5 goblins
  5 hobgoblins
  6 jackals
  5 kobolds
  7 quokkas
  4 bats
  5 frilled lizards
  6 rats
97 creatures vanquished.

Notes
Turn   | Place    | Note
-------+----------+-------------------------------------------
     0 | D:1      | xian the Demonspawn Fighter began the quest for the Orb.
     0 | D:1      | Reached XP level 1. HP: 18/18 MP: 1/1
   168 | D:1      | Gained mutation: You have an unusually large brain. (Int
                  | +2) [demonic ancestry]
   168 | D:1      | Reached XP level 2. HP: 24/24 MP: 2/2
   910 | D:2      | Reached XP level 3. HP: 29/29 MP: 3/3
  1073 | D:2      | Learned a level 1 spell: Shock
  2308 | D:3      | Reached skill level 1 in Spellcasting
  2312 | D:3      | Identified the +7 trident of the Vaults {drain, rF- rC+
                  | Str+5}
  2460 | D:3      | Gained mutation: Your demonic aura sometimes causes spilled
                  | blood to erupt in flames. [demonic ancestry]
  2460 | D:3      | Reached XP level 4. HP: 31/35 MP: 5/5
  2939 | D:3      | Found a faded altar of an unknown god.
  2956 | D:3      | Prayed at the altar of an unknown god.
  2956 | D:3      | Became a worshipper of Uskayaw the Reveller
  2956 | D:3      | Reached * piety under Uskayaw
  3070 | D:4      | Reached skill level 1 in Polearms
  3070 | D:4      | Reached XP level 5. HP: 38/41 MP: 5/7
  3109 | D:4      | Reached ** piety under Uskayaw
  3157 | D:4      | Identified the +1 leather armour "Zouzuzapee" {Slay+3}
  3500 | D:4      | Noticed Eustachio
  3515 | D:4      | Killed Eustachio
  3516 | D:4      | Reached skill level 2 in Polearms
  3516 | D:4      | Gained mutation: Your demonic aura often causes spilled
                  | blood to erupt in flames. [demonic ancestry]
  3516 | D:4      | Reached XP level 6. HP: 47/47 MP: 7/9
  3731 | D:4      | Identified the ring "Talaeq" {EV+4 Int+3 SInv}
  3738 | D:4      | Noticed Menkaure
  3743 | D:4      | Killed Menkaure
  3744 | D:4      | Reached skill level 3 in Polearms
  3744 | D:4      | Reached XP level 7. HP: 53/53 MP: 10/10
  3904 | D:5      | Entered Level 5 of the Dungeon
  3951 | D:5      | You fall into a shaft and drop 3 floors!
  4002 | D:8      | Found a bloodstained altar of Trog.
  4069 | D:8      | Noticed Pikel
  4092 | D:8      | Killed Pikel
  4093 | D:8      | Reached skill level 4 in Polearms
  4093 | D:8      | Reached XP level 8. HP: 51/60 MP: 10/12
  4174 | D:8      | Reached skill level 5 in Polearms
  4174 | D:8      | Reached skill level 1 in Dodging
  4256 | D:8      | Found a basalt altar of Yredelemnul.
  4721 | D:8      | Found a staircase to the Lair.
  4724 | D:8      | Noticed a death yak
  4724 | D:8      | Noticed a death yak
  4724 | D:8      | Noticed a death yak
  4761 | D:7      | HP: 1/59 [death yak (19)]
  4762 | D:7      | Mangled by a death yak

Illustrated notes

Levels and vault maps discovered:
D:1:      tarquinn_simple_flora_water_a, layout_loops_ring,
          roderic_roman_lattice
D:2:      layout_basic, corexii_hall_statues_x, kennysheep_generic_room_11
D:3:      layout_basic, ebering_ecumenical_altar_box
D:4:      layout_loops_ring, uniq_eustachio, uniq_menkaure
D:5:      layout_rooms, serial_shops, shop, amcnicky_mini_pool_small,
          minmay_fountain_box
D:7:      layout_loops_cross, minitemple
D:8:      layout_rooms, trog_three_pillars_becter, mainiacjoe_overflow_paths,
          dpeg_lair_monsters, serial_corexii_hall, chequers_hall_statues_y,
          corexii_hall_statues_x, corexii_hall_statues_s,
          chequers_hall_statues_y, corexii_hall_statues_i,
          corexii_hall_statues_u, uniq_pikel

Skill      XL: |  1  2  3  4  5  6  7  8 |
---------------+-------------------------+-----
Shields        | 3 |  3.9
Armour         | 3 4 |  4.4
Long Blades    | 2 |  2.6
Spellcasting   | 1 2 3 |  3.5
Polearms       | 1 2 3 4 5 |  5.8
Fighting       | 4 |  4.3
Dodging        | 1 |  1.0
Stealth        | |  0.4

Action                   |  1- 3 |  4- 6 |  7- 9 || total
-------------------------+-------+-------+-------++-------
Melee: Long sword        |   125 |       |       ||   125
       Trident           |    11 |    57 |    45 ||   113
Throw: Javelin           |       |     1 |       ||     1
 Cast: Shock             |     8 |       |       ||     8
Evoke: Wand              |       |       |     1 ||     1
  Use: Potion            |       |       |     1 ||     1
Armor: Chain mail        |    91 |       |       ||    91
       Scale mail        |     6 |       |       ||     6
       Plate armour      |    21 |    37 |    18 ||    76
       Leather armour    |     2 |     3 |       ||     5
Dodge: Dodged            |    53 |    19 |    18 ||    90
Block: Buckler           |    44 |    21 |    11 ||    76

Table legend: (Time is in decaauts)
 A = Elapsed time spent in this place.
 B = Non-inter-level travel time spent in this place.
 C = Inter-level travel time spent in this place.
 D = Time resting spent in this place.
 E = Time spent auto-exploring this place.
 F = Levels seen in this place.
 G = Mean time per level.
                   A        B        C        D        E       F      G
               +--------+--------+--------+--------+--------+-----+--------+
         Total |   4827 |   4735 |     92 |      0 |   3583 |   7 |  689.6 |
       Dungeon |   4827 |   4735 |     92 |      0 |   3583 |   7 |  689.6 |
               +--------+--------+--------+--------+--------+-----+--------+

Top non-repeatable levels by time:
     D:2: 1101 daAuts
     D:3: 1074 daAuts
     D:1: 912 daAuts
     D:4: 879 daAuts
     D:8: 811 daAuts
     D:5: 46 daAuts
     D:7: 2 daAuts
